 Dungeon Crawl Stone Soup version 0.29-a0-323-g050149af67 (webtiles) character file.

Game seed: 4181784306618469134

11 ImHallYall the Vexing (level 2, -3/20 HPs)
             Began as a Demonspawn Enchanter on Apr 11, 2022.
             Was a Follower of Nemelex Xobeh.
             Frozen to death by an endoplasm (4 damage)
             ... on level 1 of the Dungeon.
             The game lasted 00:02:35 (311 turns).

ImHallYall the Vexing (Demonspawn Enchanter)         Turns: 311, Time: 00:02:35

Health: -3/20      AC:  2    Str:  8    XL:     2   Next: 13%
Magic:  5/5        EV: 12    Int: 16    God:    Nemelex Xobeh [*.....]
Gold:   34         SH:  0    Dex: 13    Spells: 5/5 levels left

rFire   . . .      SeeInvis .   a - +1 dagger
rCold   . . .      Faith    .   (no shield)
rNeg    . . .      Spirit   .   b - +0 robe
rPois   .          Reflect  .   (no helmet)
rElec   .          Harm     .   (no cloak)
rCorr   .          Rampage  .   (no gloves)
Will    .....                   (no boots)
Stlth   ++........              (no amulet)
HPRegen 0.06/turn               (no ring)
MPRegen 0.09/turn               (no ring)

@: no status effects
A: claws 1
a: Renounce Religion, Draw Escape, Draw Destruction, Draw Summoning


You were on level 1 of the Dungeon.
You worshipped Nemelex Xobeh.
Nemelex Xobeh was aware of your devotion.
You visited 1 branch of the dungeon, and saw 1 of its levels.

You collected 34 gold pieces.

Inventory:

Hand Weapons
 a - a +1 dagger (weapon)
Armour
 b - a +0 robe (worn)
Potions
 c - 2 potions of invisibility
 d - a potion of cancellation {unknown}


   Skills:
 + Level 0.4 Fighting
 + Level 0.8 Short Blades
 + Level 1.9 Dodging
 + Level 3.0 Stealth
 + Level 2.0 Spellcasting
 + Level 3.2 Hexes


You had 5 spell levels left.
You didn't know any spells.
Your spell library contained the following spells:

 Spells                   Type           Power      Damage    Failure   Level
 Ensorcelled Hibernation  Hex/Ice        12%        N/A       16%         2
 Confusing Touch          Hex            11%        N/A       17%         3
 Tukima's Dance           Hex            11%        N/A       17%         3
 Dazzling Flash           Conj/Hex       12%        N/A       32%         3


Dungeon Overview and Level Annotations

Branches:
Dungeon (1/15)

Altars:
Nemelex Xobeh


Innate Abilities, Weirdness & Mutations

You have sharp fingernails.


Message History

You miss the bat. The bat closely misses you.
The kobold hits you but does no damage. The bat closely misses you.
The kobold hits you with a +0 dagger.
The endoplasm quivers.
The bat closely misses you. x2
The endoplasm freezes you.
You are frozen.
The kobold hits you with a +0 dagger.
You hit the bat.
The bat is heavily wounded.
The bat hits you but does no damage. x2; The endoplasm hits you.
The kobold hits you but does no damage.
You completely miss the bat. Your claw misses the bat.
The bat is heavily wounded.
The bat barely misses you. The bat hits you but does no damage.
The kobold hits you but does no damage.
The endoplasm hits you but does no damage.
You hit the bat.
You kill the bat!
The kobold hits you but does no damage.
The endoplasm hits you but does no damage.
The endoplasm freezes you.
You are frozen.
* * * LOW HITPOINT WARNING * * *
The kobold hits you with a +0 dagger.
* * * LOW HITPOINT WARNING * * *
The endoplasm hits you but does no damage.
The kobold hits you with a +0 dagger.
* * * LOW HITPOINT WARNING * * *
The endoplasm attacks as you move away!
The endoplasm hits you but does no damage.
The kobold hits you with a +0 dagger.
* * * LOW HITPOINT WARNING * * *
You see here a scroll labelled YPLEWU NUTE.
You closely miss the kobold. The kobold misses you.
The endoplasm barely misses you.
You closely miss the kobold. The endoplasm freezes you.
You are frozen.
You die...
Your body disappears without a glow.

# # # ###########
#########
##........####.......#
##........##.+.......#
##........##.#..@K...#
.'...........#..J..#......
##........##.#..#.###.####
##........##....[.....#
.+.............>..##..#
##........##......# .#
###########....### #
#...... #....###


You could see an endoplasm and a kobold.

Vanquished Creatures
  An endoplasm (D:1)
  2 quokkas (D:1)
  2 ball pythons (D:1)
  2 bats (D:1)
  2 frilled lizards (D:1)
  2 rats (D:1)
11 creatures vanquished.

Notes
Turn   | Place    | Note
-------+----------+-------------------------------------------
     0 | D:1      | ImHallYall the Demonspawn Enchanter began the quest for the
                  | Orb.
     0 | D:1      | Reached XP level 1. HP: 13/13 MP: 3/3
    65 | D:1      | Found a faded altar of an unknown god.
    65 | D:1      | Noticed an orange demon
    91 | D:1      | Prayed at the altar of an unknown god.
    91 | D:1      | Became a worshipper of Nemelex Xobeh the Trickster
    91 | D:1      | Reached * piety under Nemelex Xobeh
   174 | D:1      | Received a gift from Nemelex Xobeh
   226 | D:1      | Gained mutation: You have sharp fingernails. [demonic
                  | ancestry]
   226 | D:1      | Reached XP level 2. HP: 20/20 MP: 5/5
   309 | D:1      | HP: 1/20 [kobold/+0 dagger (1)]
   311 | D:1      | Frozen to death by an endoplasm

Illustrated notes

Levels and vault maps discovered:
D:1:      dpeg_arrival_round_c, layout_basic,
          dreamdust_ecumenical_altar_sealed_demon

Skill      XL: |  1  2 |
---------------+-------+-----
Stealth        | 3 |  3.0
Fighting       | |  0.4
Short Blades   | |  0.8
Dodging        | |  1.9
Spellcasting   | |  2.0
Hexes          | |  3.2

Action                   || total
-------------------------++-------
Melee: Dagger            ||    37
Invok: Draw Destruction  ||     1
 Stab: Sleeping          ||     2
Armor: Robe              ||    19
Dodge: Dodged            ||    30

Table legend: (Time is in decaauts)
 A = Elapsed time spent in this place.
 B = Non-inter-level travel time spent in this place.
 C = Inter-level travel time spent in this place.
 D = Time resting spent in this place.
 E = Time spent auto-exploring this place.
 F = Levels seen in this place.
 G = Mean time per level.
                   A        B        C        D        E       F      G
               +--------+--------+--------+--------+--------+-----+--------+
         Total |    310 |    310 |      0 |      0 |    157 |   1 |  310.0 |
       Dungeon |    310 |    310 |      0 |      0 |    157 |   1 |  310.0 |
               +--------+--------+--------+--------+--------+-----+--------+

Top non-repeatable levels by time:
     D:1: 310 daAuts
